 Dungeon Crawl Stone Soup version 0.31-a0-435-g2c6fae2916 (webtiles) character file.

Game seed: 12813749240796997433

53 ragingrage the Shooter (level 3, 0/25 HPs)
             Began as an Octopode Hunter on Aug 2, 2023.
             Slain by a gnoll
             ... wielding a +0 spear
              (6 damage)
             ... on level 2 of the Dungeon.
             The game lasted 00:01:05 (1223 turns).

ragingrage the Shooter (Octopode Hunter)            Turns: 1223, Time: 00:01:07

Health: 0/25       AC:  1    Str: 10    XL:     3   Next: 89%
Magic:  3/3        EV: 14    Int: 11    God:
Gold:   41         SH:  0    Dex: 17    Spells: 2/2 levels left

rFire   . . .        a - +0 shortbow
rCold   . . .        (shield currently unavailable)
rNeg    . . .        (helmet restricted)
rPois   .            (no amulet)
rElec   .            (no ring)
rCorr   .            (no ring)
SInv    .            (no ring)
Will    .....        (no ring)
Stlth   +++          (no ring)
HPRegen 0.24/turn    (no ring)
MPRegen 0.08/turn    (no ring)
                     (no ring)

%: no passive effects
@: no status effects
A: almost no armour, amphibious, 8 rings, camouflage 1, gelatinous body 1,
(nimble swimmer 1), tentacles
a: no special abilities


You were on level 2 of the Dungeon.
You visited 1 branch of the dungeon, and saw 2 of its levels.

You collected 41 gold pieces.

Inventory:

Hand Weapons
 a - a +0 shortbow (weapon)
Wands
 j - a wand of iceblast (4)
Scrolls
 b - a scroll of butterflies
 c - a scroll of brand weapon {unknown}
 d - 3 scrolls of teleportation {unknown}
 f - a scroll of enchant armour {unknown}
 g - a scroll of immolation {unknown}
 h - a scroll of vulnerability {unknown}
Potions
 e - a potion of cancellation {unknown}
 i - 3 potions of lignification {unknown}


   Skills:
 + Level 2.6 Fighting
 + Level 4.3 Ranged Weapons
 + Level 2.6 Dodging
 + Level 2.8 Stealth


You had 2 spell levels left.
You didn't know any spells.
Your spell library contained the following spells:

 Spells                   Type           Power      Damage    Failure   Level
 Chain Lightning          Conj/Air       0%         N/A       100%        9
 Fire Storm               Conj/Fire      0%         5d1       100%        9
 Shatter                  Erth           0%         3d5*      100%        9


Dungeon Overview and Level Annotations

Branches:
Dungeon (2/15)

Altars:


Innate Abilities, Weirdness & Mutations

You cannot wear most types of armour.
You are amphibious.
You can wear up to eight rings at the same time.
Your skin changes colour to match your surroundings (Stealth+).
Your rubbery body absorbs attacks. (AC +1, EV +1)
((You are camouflaged when in or above water. (Stealth+)))
You have tentacles for arms and can constrict up to eight enemies at once.


Message History

There are monsters nearby!
You are too injured to fight recklessly!
The orc barely misses you. The orc attacks as you move away!
The orc hits you with a +0 flail!
Fire: a) +0 shortbow
Press: ? - help, Q - select action, (/) - cycle Shift-Dir - straight line, f/p - orc
Aim: an orc, wielding a +0 flail (lightly wounded, 63% to hit)
You shoot an arrow. The arrow hits the orc!
You kill the orc!
Fire: a) +0 shortbow
Press: ? - help, Q - select action, (/) - cycle Shift-Dir - straight line, f - orc
Aim: an orc, wielding a +0 whip (63% to hit)
You shoot an arrow. The arrow hits the orc!
You kill the orc!
An orc comes into view. It is wielding a +0 dagger.
You start resting.
There is a stone staircase leading up here.
A gnoll comes into view. It is wielding a +0 spear.
A gnoll is nearby!
A gnoll is nearby!
You shoot an arrow. The arrow hits the gnoll!
The gnoll shouts!
You hear a shout!
A gnoll comes into view. It is wielding a +0 flail.
You shoot an arrow. The arrow completely misses the gnoll.
A gnoll comes into view. It is wielding a +0 club.
The gnoll hits you from afar with a +0 spear!
You are too injured to fight recklessly!
Fire: a) +0 shortbow
Press: ? - help, Q - select action, (/) - cycle Shift-Dir - straight line, f/p - gnoll
Aim: a gnoll, wielding a +0 spear (heavily wounded, 66% to hit)
You shoot an arrow.
The arrow hits the gnoll but does no damage.
The gnoll hits you from afar with a +0 spear!
A gnoll comes into view. It is wielding a +0 halberd.
The gnoll hits you with a +0 halberd!
* * * LOW HITPOINT WARNING * * *
You shoot an arrow. The arrow barely misses the gnoll.
The gnoll closely misses you.
The gnoll hits you from afar with a +0 spear.
You die...

#.# #.# #.# #.# #.#
######### #.#
#.g.g.g.# ###.#####
#.#####.# #.......#
#.# #@# #....##..
#g#
###g########.....###
#.#
#.......<...#...##
#g#
#.#.########.#.##
#.# #.#.# ###.#
#.###.#.# #.#
#...g...# #+#
######.## #.#


You could see 2 gnolls.

Vanquished Creatures
  2 adders (D:2)
  3 orcs (D:2)
  4 bats
  4 endoplasms
  A giant cockroach (D:2)
  3 goblins (D:1)
  2 hobgoblins (D:1)
  2 quokkas
  2 ball pythons
  2 frilled lizards
  4 kobolds
  2 rats
31 creatures vanquished.

Notes
Turn   | Place    | Note
-------+----------+-------------------------------------------
     0 | D:1      | ragingrage the Octopode Hunter began the quest for the Orb.
     0 | D:1      | Reached XP level 1. HP: 14/14 MP: 1/1
   182 | D:1      | Reached XP level 2. HP: 16/19 MP: 2/2
   683 | D:2      | Reached XP level 3. HP: 11/25 MP: 3/3
  1223 | D:2      | Slain by a gnoll

Illustrated notes

Levels and vault maps discovered:
D:1:      psy_arrival_spokes, layout_loops_ring, chequers_serial_rivers_small_3
D:2:      minmay_kobold_bridge, layout_loops_corners,
          hellmonk_ecumenical_altar_defaced_shrine, kennysheep_small_spiral

Skill      XL: |  1  2 |
---------------+-------+-----
Stealth        | 2 |  2.8
Fighting       | |  2.6
Ranged Weapons | |  4.3
Dodging        | |  2.6

Action                     || total
---------------------------++-------
  Melee: Unarmed           ||     4
         Constrict         ||     1
   Fire: Shortbow          ||    65
 Armour: Skin              ||     3
  Dodge: Dodged            ||    25

Table legend: (Time is in decaauts)
 A = Elapsed time spent in this place.
 B = Non-inter-level travel time spent in this place.
 C = Inter-level travel time spent in this place.
 D = Time resting spent in this place.
 E = Time spent auto-exploring this place.
 F = Levels seen in this place.
 G = Mean time per level.
                   A        B        C        D        E       F      G
               +--------+--------+--------+--------+--------+-----+--------+
         Total |   1233 |   1211 |     22 |    100 |    934 |   2 |  616.5 |
       Dungeon |   1233 |   1211 |     22 |    100 |    934 |   2 |  616.5 |
               +--------+--------+--------+--------+--------+-----+--------+

Top non-repeatable levels by time:
     D:1: 629 daAuts
     D:2: 604 daAuts
